[Event "Fall GM-A Norm Invitational 2022"]
[Site "Charlotte"]
[Date "2022.11.18"]
[Round "2"]
[White "Preotu, Razvan"]
[Black "Cordova, Emilio"]
[Result "1-0"]
[ECO "B30"]
[WhiteElo "2493"]
[BlackElo "2561"]
[Annotator "TA"]
[PlyCount "83"]
[EventDate "2022.11.18"]
[EventType "tourn"]
[EventCountry "USA"]
[SourceTitle "playchess.com"]
[Source "ChessBase"]
[SourceQuality "1"]
[TimeControl "5400+30"]

1. e4 c5 2. Nf3 Nc6 3. Bb5 e6 4. O-O Nge7 5. Re1 b6 6. b3 {[%emt 0:05:56] B30: Sicilian: 2...Nc6 3 Bb5, lines without ...g6.} (6. c3 $14) 6... Bb7 7. Bb2 a6 8. Bf1 {[%emt 0:00:30] The position is equal.} d5 9. exd5 Qxd5 {[%emt 0:01:23] [#]} (9... Nxd5 $11 10. g3 (10. Nc3 Nf6 $11) 10... Nf6) 10. Na3 $146 ({Predecessor:} 10. Nc3 Qd7 11. Na4 Qc7 12. Ng5 Qf4 13. Qh5 g6 14. Qf3 Qxf3 15. Nxf3 Rg8 16. Nxb6 Rd8 17. Ng5 Bg7 18. Bxg7 Rxg7 19. Ne4 Nc8 20. Nc4 {1-0 (20) Henao,R (2410)-Disconzi da Silva,R (2290) Guarapuava 1992}) 10... Qh5 11. Nc4 Nd5 12. d4 Rd8 13. Nce5 ({Reject} 13. dxc5 $6 Bxc5 14. Nfe5 (14. Bxg7 $2 Rg8 $19) 14... Qf5 $11) (13. Nfe5 {is interesting.} Qxd1 14. Raxd1 Nxe5 15. dxe5 Rd7 16. Rd2) 13... Nxe5 14. Nxe5 Qxd1 15. Raxd1 {[%emt 0:14:11] Threatens to win with dxc5.} cxd4 16. Rxd4 Be7 17. c4 Nf6 18. Rxd8+ Bxd8 19. Nd3 h5 20. c5 a5 (20... O-O $14) 21. Rc1 $1 $36 {[%emt 0:01:21][%mdl 2048] White is really pushing.} bxc5 (21... Bd5 $16 {was worth a try.} 22. Ne5 bxc5) 22. Nxc5 $18 Bd5 23. Bb5+ Kf8 24. Nd3 {[%emt 0:02:54] Rc8 is the strong threat.} Bb7 {[%emt 0:01:49] Inhibits Rc8.} 25. Ne5 h4 26. Bc6 {[%emt 0:01:16] White is more active.} Ba6 {[%emt 0:01:08] [#]} 27. Rd1 $1 {[%emt 0:03:07] Prevents Nd5.} Be7 (27... Bc7 {keeps fighting.} 28. Nd7+ Kg8 29. Nxf6+ gxf6) 28. Nd7+ Kg8 29. Nxf6+ Bxf6 $2 {[%emt 0:00:04] A mistake that costs the game.} (29... gxf6 $16 {is a better chance.} 30. Rd7 Kf8) 30. Bxf6 gxf6 $16 {[%emt 0:00:03][%mdl 4096] Endgame [#] KRB-KRB} 31. Rd8+ $1 Kg7 32. Rxh8 Kxh8 $18 {[%emt 0:00:03] KB-KB} 33. a3 f5 34. b4 axb4 (34... Bc8 $142 35. b5 Kg8) 35. axb4 f4 36. b5 {[%emt 0:00:15] White mates.} Bc8 37. b6 Kg7 38. b7 Bxb7 39. Bxb7 f5 40. h3 Kf6 41. Kf1 e5 42. f3 {[%emt 0:01:03] Weighted Error Value: White=0.08 (flawless) /Black=0.50} 1-0

[Event "Fall GM-A Norm Invitational 2022"]
[Site "Charlotte"]
[Date "2022.11.18"]
[Round "2"]
[White "Tiglon, Bryce"]
[Black "Mardov, Dimitar"]
[Result "0-1"]
[ECO "C60"]
[WhiteElo "2475"]
[BlackElo "2432"]
[Annotator "TA"]
[PlyCount "106"]
[EventDate "2022.11.18"]
[EventType "tourn"]
[EventCountry "USA"]
[SourceTitle "playchess.com"]
[Source "ChessBase"]
[SourceQuality "1"]
[TimeControl "5400+30"]

1. e4 e5 2. Nf3 Nc6 3. Bb5 g6 4. c3 Bg7 5. d4 exd4 6. cxd4 {[%emt 0:01:50] C60: Ruy Lopez: Unusual Black 3rd moves and 3...g6.} a6 7. Bxc6 dxc6 8. O-O {[%emt 0:01:00] White is slightly better.} Bg4 9. Be3 c5 10. Nbd2 cxd4 {[%emt 0:02:50] [#]} 11. Bf4 $146 ({Predecessor:} 11. Bxd4 Qxd4 12. Qc2 Qd7 {0-1 (12) Hemanth,R (2032)-Raahul,V (2381) Bhopal 2018}) 11... Ne7 12. h3 Bxf3 13. Nxf3 O-O 14. Rc1 Nc6 15. Qb3 Rb8 16. Rfd1 Re8 17. Qd3 Qe7 18. e5 Nxe5 (18... h6 {feels hotter.} 19. Qb3 Nxe5 20. Nxd4 c5) 19. Nxe5 Bxe5 20. Bxe5 {[%emt 0:00:25][%mdl 64] [#] Remove Defender} Qxe5 21. Qxd4 Qxd4 (21... Qe7 {is more complex.} 22. Qc3 c6 23. Re1 Qd6) 22. Rxd4 $17 {[%emt 0:00:02][%mdl 4096] Endgame KRR-KRR} Re7 23. Rb4 Kf8 24. Rc6 a5 25. Rb3 b6 ({And not} 25... bxc6 26. Rxb8+ Re8 27. Rxe8+ Kxe8 28. Kf1 $15) 26. Rbc3 Rb7 (26... Rd8 $17 {...Rd1+ is the strong threat.} 27. Rc2 (27. Rxc7 Rxc7 28. Rxc7 Rd2 $17) 27... Ke8) 27. Kf1 $15 Ke8 28. R6c4 (28. Re3 $15) 28... c5 $17 29. a3 Rbd7 30. g4 Rd1+ 31. Kg2 Rb1 {[%emt 0:00:53] Black is more active.} 32. Rb3 Re6 33. Rc2 Kd7 34. Rd2+ Kc6 35. Rbd3 (35. Rf3 $17) 35... Rbe1 $19 36. Kf3 {[%emt 0:00:50] Prevents R1e2.} (36. Rf3 $17) 36... Rg1 37. Kf4 h6 38. h4 Rge1 39. Kf3 Rf6+ 40. Kg2 Re4 41. Kg3 Re1 42. Kg2 $1 Ree6 43. Rd7 Re4 44. Kg3 {[%emt 0:00:30] [#]} (44. f3 {was the only chance.} Re3 45. Rd8) 44... h5 $1 45. gxh5 gxh5 46. Kh3 Ref4 47. Rd8 (47. R7d3 {was called for.} Rxf2 48. Kg3) 47... Rxf2 {[%emt 0:00:21][%cal Rf6f3] Black is clearly winning.} 48. R2d3 Rxb2 {[%emt 0:01:10] Hoping for ...a4.} 49. a4 Rb4 50. Rc8+ Kb7 51. Rh8 Rf5 52. Rdd8 Rxa4 53. Rb8+ Ka6 {[%emt 0:00:10] Weighted Error Value: White=0.32/Black=0.10 (very precise)} 0-1

[Event "Fall GM-A Norm Invitational 2022"]
[Site "Charlotte"]
[Date "2022.11.18"]
[Round "2"]
[White "Siddharth, Jagadeesh"]
[Black "Stremavicius, Titas"]
[Result "1/2-1/2"]
[ECO "D35"]
[WhiteElo "2407"]
[BlackElo "2527"]
[Annotator "TA"]
[PlyCount "30"]
[EventDate "2022.11.18"]
[EventType "tourn"]
[EventCountry "USA"]
[SourceTitle "playchess.com"]
[Source "ChessBase"]
[SourceQuality "1"]
[TimeControl "5400+30"]

1. d4 d5 2. c4 e6 3. Nc3 Nf6 4. cxd5 exd5 5. Bg5 Be7 6. e3 h6 7. Bh4 O-O 8. Bd3 Re8 {[%emt 0:00:43] The position is equal.} 9. h3 {[%emt 0:00:46] D35: Queen's Gambit Declined: Exchange Variation.} c6 10. Bg3 Bd6 11. Nge2 {[%emt 0:00:22] [#] Not much happened in this game.  Weighted Error Value: White=0.01 (flawless) /Black=0.01 (flawless)} {Predecessor:} Qe7 $146 12. O-O Nbd7 13. a3 Bxg3 14. Nxg3 Nb6 15. Re1 Be6 {0-1 (15) Zordick,M (2314)-Braziulis,V (2354) ICCF email 2018} 1/2-1/2

[Event "Fall GM-A Norm Invitational 2022"]
[Site "Charlotte"]
[Date "2022.11.18"]
[Round "2"]
[White "Mulyar, Michael"]
[Black "Kaliksteyn, Alexander"]
[Result "1/2-1/2"]
[ECO "D45"]
[WhiteElo "2355"]
[BlackElo "2389"]
[Annotator "TA"]
[PlyCount "38"]
[EventDate "2022.11.18"]
[EventType "tourn"]
[EventCountry "USA"]
[SourceTitle "playchess.com"]
[Source "ChessBase"]
[SourceQuality "1"]
[TimeControl "5400+30"]

1. d4 d5 2. c4 e6 3. Nc3 c6 4. e3 Nf6 5. Nf3 Nbd7 6. Qc2 Bd6 7. Bd3 O-O 8. O-O dxc4 9. Bxc4 b5 {[#]} {Predecessor:} 10. Bd3 $146 {D46: Semi-Slav: 5 e3 Nbd7 6 Bd3, Black avoids the Meran.} Bb7 11. a3 a5 12. e4 e5 13. dxe5 Nxe5 14. Nxe5 Bxe5 15. h3 Ba6 16. Be3 b4 17. Bxa6 bxc3 18. Bc4 cxb2 19. Rad1 Qe7 {½-½ (41) Duda,J (2750)-Firouzja,A (2793) Madrid 2022} 1/2-1/2

[Event "Fall GM-A Norm Invitational 2022"]
[Site "Charlotte"]
[Date "2022.11.19"]
[Round "3"]
[White "Cordova, Emilio"]
[Black "Siddharth, Jagadeesh"]
[Result "1/2-1/2"]
[ECO "A45"]
[WhiteElo "2561"]
[BlackElo "2407"]
[Annotator "TA"]
[PlyCount "75"]
[EventDate "2022.11.18"]
[EventType "tourn"]
[EventCountry "USA"]
[SourceTitle "playchess.com"]
[Source "ChessBase"]
[SourceQuality "1"]
[TimeControl "5400+30"]

1. d4 Nf6 2. Bg5 Ne4 3. Bf4 d5 4. e3 Bf5 5. f3 Nd6 6. Nd2 {[%emt 0:03:01] A45: Trompowsky Attack.} Nc6 7. c4 Nxc4 8. Nxc4 {[%emt 0:00:32] The position is equal.} dxc4 9. Bxc4 e5 $1 10. dxe5 {[%emt 0:00:08] [#]} Bb4+ $146 ({Predecessor:} 10... Qh4+ 11. Kf1 g5 12. Qb3 gxf4 13. Qxb7 fxe3 14. Qxc6+ Bd7 15. g3 Bxc6 16. gxh4 Rd8 17. Re1 Bb4 18. Rc1 Rd2 {0-1 (18) Abegg,B (2358)-Schneider,H (2249) SUI email 2006}) 11. Kf2 Qe7 {[%emt 0:00:25][%mdl 1024] ...g5 is the strong threat. Black has compensation.} 12. Ne2 Rd8 13. Qa4 O-O {[%emt 0:07:56] Threatens to win with ...g5.} 14. Rad1 g5 15. Bg3 Bc5 $1 {[%emt 0:00:09][%cal Oc5e3] [#] And now ...Bxe3+! would win.} 16. Qb3 Nxe5 17. Nd4 Bg6 {[%emt 0:02:27] aiming for ...Rfe8.} 18. Rhe1 (18. h4 $15) 18... Nxc4 (18... Bb4 {looks sharper.} 19. Rf1 Nxc4 20. Qxc4 Rfe8) 19. Qxc4 Bb4 {[%emt 0:00:11] A strong pair of Bishops.} 20. Qxc7 Bxe1+ 21. Rxe1 Qxc7 22. Bxc7 Rd5 23. g4 Rc8 24. Bg3 Rdc5 25. Re2 Rc1 26. Be5 Rd1 27. Bf6 Bd3 {[%emt 0:11:17] Prevents e4.} 28. Re1 Rxe1 ({Weaker is} 28... Rd2+ 29. Kg3) 29. Kxe1 $17 {[%emt 0:00:15][%mdl 4096] Endgame KRB-KBN. Black is slightly better.} h6 30. h4 gxh4 31. Bxh4 Rc1+ 32. Kd2 Rh1 33. Bg3 Bc4 34. a3 Be6 35. e4 Kg7 36. Be5+ Kg6 37. Ne2 Bb3 38. Ke3 {[%emt 0:00:58] Weighted Error Value: White=0.09 (flawless) /Black=0.06 (flawless)} 1/2-1/2

[Event "Fall GM-A Norm Invitational 2022"]
[Site "Charlotte"]
[Date "2022.11.19"]
[Round "3"]
[White "Mardov, Dimitar"]
[Black "Preotu, Razvan"]
[Result "*"]
[ECO "C11"]
[WhiteElo "2432"]
[BlackElo "2493"]
[Annotator "TA"]
[PlyCount "42"]
[EventDate "2022.11.18"]
[EventType "tourn"]
[EventCountry "USA"]
[SourceTitle "playchess.com"]
[Source "ChessBase"]
[SourceQuality "1"]
[TimeControl "5400+30"]

1. e4 e6 2. d4 d5 3. Nc3 Nf6 4. e5 Nfd7 5. f4 c5 6. Nf3 Nc6 7. Be3 cxd4 8. Nxd4 Qb6 9. Qd2 Qxb2 10. Rb1 Qa3 11. Bb5 $1 Nxd4 {[%emt 0:00:13] C11: French: Classical System: 4 e5 and 4 Bg5 dxe4.} 12. Bxd4 {[%emt 0:00:08][%cal Of4f5] With the idea f5!} ({But not} 12. Qxd4 a6 13. Bxd7+ Bxd7 14. Rxb7 Rc8 $17) 12... a6 (12... Bb4 {looks sharper.} 13. O-O a6 14. Rb3 Qa5) 13. Bxd7+ Bxd7 14. Rb3 Qe7 15. Rxb7 Qh4+ {[%emt 0:01:32] is recently more successful than 15...Rc8.} 16. Qf2 Qxf2+ 17. Kxf2 Be7 18. Rhb1 Bd8 19. Rb8 Rxb8 20. Rxb8 O-O {[%emt 0:00:08] [#] White must now prevent ...Bh4+.} 21. Ke3 $146 (21. Rb7 $1 $14 Bc8 22. Ra7) ({Predecessor:} 21. Rb7 Bc6 22. Ra7 Ba5 23. Rxa6 Bxc3 24. Bxc3 Rc8 25. Ke3 Bb5 26. Rb6 Ba4 27. Kd3 {½-½ (90) Svane,R (2615)-Gavrilescu,D (2477) Reykjavik 2021}) 21... Ba5 {[%emt 0:00:58] Weighted Error Value: White=0.08 (flawless) /Black=0.05 (flawless)} *

[Event "Fall GM-A Norm Invitational 2022"]
[Site "Charlotte"]
[Date "2022.11.19"]
[Round "3"]
[White "Fus, Jakub"]
[Black "Mulyar, Michael"]
[Result "1/2-1/2"]
[ECO "C78"]
[WhiteElo "2427"]
[BlackElo "2355"]
[Annotator "TA"]
[PlyCount "83"]
[EventDate "2022.11.18"]
[EventType "tourn"]
[EventCountry "USA"]
[SourceTitle "playchess.com"]
[Source "ChessBase"]
[SourceQuality "1"]
[TimeControl "5400+30"]

1. e4 e5 2. Nf3 Nc6 3. Bb5 a6 4. Ba4 Nf6 5. O-O b5 6. Bb3 Bc5 7. c3 d6 8. d4 Bb6 9. Be3 $1 {[%emt 0:01:10][%mdl 4] outshines the older 9.a4.} (9. a4 $5 ) 9... Bg4 {[%emt 0:02:28] C78: Ruy Lopez: Archangelsk and Möller Defences.} 10. dxe5 Bxf3 11. Qxf3 Nxe5 {[%emt 0:00:21] The position is equal.} 12. Qe2 {[%emt 0:01:23] Strongly threatening Bxb6.} Bxe3 (12... Nxe4 $2 13. Bxb6 cxb6 14. Qxe4 $18) 13. Qxe3 O-O 14. Nd2 Re8 {[%emt 0:03:50] [#]} 15. f4 $146 ({Predecessor:} 15. Rae1 Ned7 16. Qh3 Nc5 17. Bc2 Qd7 18. Qg3 Qg4 19. Qxg4 Nxg4 20. f4 Re7 21. Nf3 {0-1 (53) Zelcic,R (2518)-Thorfinnsson,B (2381) Portoroz 2019}) 15... Ng6 16. Qf3 c5 17. Rae1 Ra7 18. g3 Rae7 19. Re2 Qd7 (19... c4 $5 20. Bc2 h5 $11) 20. Kg2 h6 21. Rfe1 Qc7 22. Bc2 c4 23. a3 (23. Nf1 $14) 23... Nd7 (23... Nf8 $11) 24. Nf1 $14 Nf6 25. Ne3 Qb7 26. Nf5 Re6 (26... Rd7 $16 {was necessary.}) 27. g4 $4 {[%emt 0:04:57][%mdl 8192] [#]} (27. Rd2 $18) 27... Nd7 $2 {[%emt 0:05:38] Pair of Knights!} (27... Nd5 $1 $19 28. Kg1 (28. Kh1 Ndxf4) 28... Ndxf4) 28. h4 $1 $16 Nc5 29. Kg3 (29. h5 $142) 29... Nf8 (29... Qc7 $16 {was worth a try.}) 30. g5 {[%emt 0:00:45] Hoping for gxh6.} h5 31. Qxh5 {[%emt 0:12:27] Black must now prevent Qf3.} Nd3 {[%emt 0:00:14] [#]} 32. Bxd3 (32. Qf3 $142 $1) 32... cxd3 {[%emt 0:00:06] [#]} 33. Rd2 {[%emt 0:00:21] White is more active.} ({Better is} 33. Re3 $1 $16 ) 33... Rxe4 $11 34. Nxd6 $40 {[%emt 0:06:55][%mdl 128] White attacks.} ({Much weaker is} 34. Rxe4 Qxe4 $17) 34... Re3+ 35. Rxe3 Rxe3+ 36. Kf2 {[%emt 0:00:05] Dancing on a razor blade.} Qb6 37. Qxf7+ (37. Nxf7 Re2+ 38. Kf3 Qf2+ 39. Kg4 Qg2+ 40. Kf5 Qh3+ 41. Qg4 g6+ 42. Kf6 Re6+) 37... Kh7 38. Qh5+ (38. Qxf8 Re2+ 39. Kf3 Qf2+ 40. Kg4 Qg2+ 41. Kh5 g6#) 38... Kg8 39. Qf7+ Kh7 40. Qh5+ (40. Qxf8 {leads to mate.} Re2+ 41. Kf3 Qf2+ 42. Kg4 Qg2+ 43. Kh5 g6#) 40... Kg8 {( -> ...Re2+)} 41. Kg2 $2 Re6 $4 (41... Qxd6 $19 42. Qg4 Ne6) 42. Nf5 $2 {What a bad dream for Black.   Weighted Error Value: White=0.51/Black=0.31} (42. Qf7+ $18 {is the precise move to win.} Kh7 43. Nf5 (43. Rxd3 Rxd6 44. Rxd6 Qxd6 $11) 43... Re2+ 44. Rxe2) 1/2-1/2

[Event "Fall GM-A Norm Invitational 2022"]
[Site "Charlotte"]
[Date "2022.11.19"]
[Round "3"]
[White "Kaliksteyn, Alexander"]
[Black "Tiglon, Bryce"]
[Result "*"]
[ECO "A48"]
[WhiteElo "2389"]
[BlackElo "2475"]
[Annotator "TA"]
[PlyCount "33"]
[EventDate "2022.11.18"]
[EventType "tourn"]
[EventCountry "USA"]
[SourceTitle "playchess.com"]
[Source "ChessBase"]
[SourceQuality "1"]
[TimeControl "5400+30"]

1. d4 Nf6 2. Nf3 g6 3. Bf4 Bg7 4. e3 d6 5. h3 c5 {[%emt 0:00:26] The position is equal.} 6. Be2 {[%emt 0:02:51] A48: 1 d4 Nf6 2 Nf3 g6: Torre, London and Colle Systems.} Nc6 7. c3 cxd4 8. exd4 Nd5 9. Bh2 O-O 10. O-O e5 {[%emt 0:00:04] [#] An uneventful encounter.  Weighted Error Value: White=0.08 (flawless) /Black=0.06 (flawless)} {Predecessor:} 11. Na3 $146 exd4 12. Nc4 Nb6 13. Nxd6 dxc3 14. bxc3 Bxc3 15. Rc1 Bb4 16. Bb5 Qe7 17. Bxc6 {½-½ (47) Inarkiev,E (2690)-Wei,Y (2735) Magas 2018} *

[Event "Fall GM-A Norm Invitational 2022"]
[Site "Charlotte"]
[Date "2022.11.19"]
[Round "4"]
[White "Preotu, Razvan"]
[Black "Siddharth, Jagadeesh"]
[Result "1-0"]
[ECO "C42"]
[WhiteElo "2493"]
[BlackElo "2407"]
[Annotator "TA"]
[PlyCount "71"]
[EventDate "2022.11.18"]
[EventType "tourn"]
[EventCountry "USA"]
[SourceTitle "playchess.com"]
[Source "ChessBase"]
[SourceQuality "1"]
[TimeControl "5400+30"]

1. e4 e5 2. Nf3 Nf6 3. Nxe5 d6 4. Nf3 Nxe4 5. d4 d5 6. Bd3 Bd6 7. O-O O-O 8. c4 c6 9. Re1 Bf5 10. Qb3 $1 {[%emt 0:01:42] 10.Qb3 scores better than 10.Qc2.} Qd7 {[%emt 0:00:09] C42: Petroff Defence: 3 Nxe5 and unusual White 3rd moves.} 11. c5 Bc7 12. Nbd2 Be6 {[%emt 0:00:10] The position is equal.} 13. Nf1 {[%emt 0:01:26] [#]} h6 $146 {[%emt 0:00:38] Inhibits Ng5.} ({Predecessor:} 13... Na6 14. Ng3 Ba5 15. Re2 Rae8 16. Ne5 Qc8 17. Qa4 Bc7 18. Bxe4 dxe4 19. Nxe4 Bd5 {½-½ (81) Aronian,L (2782)-Erigaisi,A (2627) Kolkata 2021}) 14. Ng3 f5 15. Bd2 (15. Qxb7 $2 Bxg3 16. Qxd7 Bxf2+ 17. Kf1 Nxd7 $19) 15... f4 $2 (15... Qc8 $11 {and Black has nothing to worry.}) 16. Nxe4 $18 dxe4 17. Qxb7 exf3 18. Rxe6 (18. Qxa8 $18 {[%cal Oe1e6] Strongly threatening Rxe6!} fxg2 19. Rxe6 $1 (19. Kxg2 Bh3+ 20. Kh1 Qg4) (19. Qxa7 f3 $11) 19... Qxe6 20. Qb7 (20. Qxa7 Qd7 $16) (20. Kxg2 $2 Qg4+ 21. Kf1 Qh3+ 22. Ke1 Qxd3 $19)) 18... Qxe6 $16 19. Qxc7 {[%emt 0:00:13] Black must now prevent Re1.} Nd7 20. Bxf4 (20. gxf3 $16 {Re1 is the strong threat.} Nf6 21. Qxf4 (21. Bxf4 $2 Nd5 $19)) 20... Rac8 {[%emt 0:08:19] Black is now going downhill.} (20... Qg4 $11 {remains equal.} 21. Bg3 (21. Qxc6 $2 Qxg2#) (21. g3 Rac8 $15) 21... Qxd4) 21. Qd6 {[%emt 0:00:26] Really sharp!} Qf7 22. Bg3 {[%emt 0:03:02] White is more active.} (22. gxf3 $6 Qxf4 23. Qxd7 Qxf3 24. Qe6+ Kh8 $11) (22. g3 Nf6 $16) 22... Nf6 23. Bf5 (23. gxf3 Rcd8 24. Qxc6 Rxd4 $16) 23... Ne8 (23... Rce8 $16 {was worth a try.}) 24. Qe6 $18 {[%emt 0:00:08] Hoping for Qxf7+.} (24. Bxc8 $2 Nxd6 25. Bg4 Nf5 26. Bxf3 Nxd4 $19) 24... Rd8 25. Be5 (25. gxf3 Rxd4 26. Qe3 (26. Be5 Rd5 $11) 26... Qxf5 $16) 25... Qxe6 26. Bxe6+ {[%emt 0:00:02] This pair of bishops is nice.} Kh8 27. b4 Nf6 28. a4 {[%emt 0:00:05] Threatens to win with b5.} (28. gxf3 $6 Nd5 $18) 28... Rfe8 {[%emt 0:02:05] Against b5} 29. Bf5 {[%emt 0:00:26] And now b5 would win.} Nd5 30. b5 cxb5 31. axb5 ({Not} 31. gxf3 Nc3 32. axb5 Nxb5 $18) 31... Nc3 32. gxf3 Nxb5 33. Ra4 Rd5 {[%emt 0:09:55][%cal Ob5d4] [#]} 34. c6 $1 Nxd4 $2 (34... Rexe5 35. dxe5 Rxe5) 35. Rxd4 ({Weaker is} 35. Bxd4 Rxf5 36. Rxa7 Re1+ 37. Kg2 Rg5+ 38. Kh3 Reg1 $11) 35... Rdxe5 {[%emt 0:00:17] [#]} 36. Re4 $1 {[%emt 0:00:37] Weighted Error Value: White=0.10 (very precise) /Black=0.38} 1-0

[Event "Fall GM-A Norm Invitational 2022"]
[Site "Charlotte"]
[Date "2022.11.19"]
[Round "4"]
[White "Tiglon, Bryce"]
[Black "Fus, Jakub"]
[Result "1/2-1/2"]
[ECO "C11"]
[WhiteElo "2475"]
[BlackElo "2427"]
[Annotator "TA"]
[PlyCount "56"]
[EventDate "2022.11.18"]
[EventType "tourn"]
[EventCountry "USA"]
[SourceTitle "playchess.com"]
[Source "ChessBase"]
[SourceQuality "1"]
[TimeControl "5400+30"]

1. e4 e6 2. d4 d5 3. Nc3 Nf6 4. e5 Nfd7 5. f4 c5 6. Nf3 Nc6 7. Be3 cxd4 8. Nxd4 Qb6 9. Qd2 Qxb2 10. Rb1 Qa3 11. Bb5 {[%emt 0:00:03] [#] Hoping for Rb3.} Nxd4 {[%emt 0:00:20] C11: French: Classical System: 4 e5 and 4 Bg5 dxe4.} (11... Ndb8 {is more complex.} 12. O-O Bb4 13. Rb3 Qa5) 12. Bxd4 {[%emt 0:00:05][%cal Of4f5] Threatening f5!} ({But not} 12. Qxd4 a6 13. Bxd7+ Bxd7 14. Rxb7 Rc8 $17) 12... a6 {[%emt 0:00:22] Prevents f5.} 13. Bxd7+ Bxd7 {[%emt 0:00:08] White is slightly better.} 14. Rb3 {[%emt 0:00:03] Inhibits b5.} Qe7 15. Rxb7 Rc8 {[%emt 0:01:24] 15...Qh4+ gains popularity.} 16. O-O Qd8 {[%emt 0:00:22] Prevents f5.} 17. Qf2 {[%emt 0:01:56] The position is equal.} Rxc3 18. Bxc3 Qc8 19. Rb3 {[%emt 0:00:09] Threatens to win with Bd4.} Ba4 {[%emt 0:00:37] [#]} 20. Bd4 $1 {[%emt 0:00:07] Black must now prevent Rc3.} Bxb3 21. axb3 Be7 22. c3 {[%emt 0:04:16] [#] An interesting draw.   Weighted Error Value: White=0.03 (flawless) /Black=0.05 (flawless)} {Predecessor:} O-O $146 23. b4 g6 24. Qe2 Qb7 25. g4 Ra8 26. f5 a5 27. bxa5 Rxa5 28. fxe6 fxe6 {½-½ (46) Chigaev,M (2550)-Popov,I (2596) St Petersburg 2016} 1/2-1/2

[Event "Fall GM-A Norm Invitational 2022"]
[Site "Charlotte"]
[Date "2022.11.19"]
[Round "4"]
[White "Mardov, Dimitar"]
[Black "Kaliksteyn, Alexander"]
[Result "1/2-1/2"]
[ECO "B90"]
[WhiteElo "2432"]
[BlackElo "2389"]
[Annotator "TA"]
[PlyCount "57"]
[EventDate "2022.11.18"]
[EventType "tourn"]
[EventCountry "USA"]
[SourceTitle "playchess.com"]
[Source "ChessBase"]
[SourceQuality "1"]
[TimeControl "5400+30"]

1. e4 c5 2. Nf3 d6 3. d4 cxd4 4. Nxd4 Nf6 5. Nc3 a6 6. h4 {[%emt 0:01:01] B90: Sicilian Najdorf: Unusual White 6th moves, 6 Be3 Ng4 and 6 Be3 e5.} e5 7. Nb3 Be6 8. f4 g6 {[%emt 0:00:40] Inhibits f5.} 9. Be2 Nc6 10. g4 (10. fxe5 {simplifies} dxe5 11. Qxd8+ Rxd8 12. O-O) 10... exf4 11. g5 {[%emt 0:05:37] [#] Against d5} f3 $146 ({Predecessor:} 11... Nd7 12. Bxf4 Nce5 13. Qd2 b5 14. O-O-O b4 15. Nd5 Bxd5 16. Qxd5 Be7 17. Kb1 a5 {1-0 (45) Rakotomaharo,F (2429)-Perez Ponsa,F (2554) Chess.com INT 2021}) 12. Bxf3 Nd7 13. Bf4 h6 14. Qd2 ({Of course not} 14. Bxd6 hxg5 15. Bxf8 Kxf8 $17) 14... Nce5 15. Be2 hxg5 16. Bxg5 Be7 17. O-O-O Bxg5 $1 18. hxg5 Rxh1 19. Rxh1 Qe7 20. Kb1 O-O-O 21. Na5 Nb6 22. Nd5 Bxd5 23. exd5 Kb8 24. Rh3 Rc8 (24... Re8 $17) 25. Rb3 $11 {[%emt 0:10:53] The position is equal.} Nec4 26. Bxc4 Nxc4 27. Nxc4 Rxc4 28. a3 Qe4 29. Rd3 {[%emt 0:02:19] Weighted Error Value: White=0.05 (flawless) /Black=0.04 (flawless)} 1/2-1/2

[Event "Fall GM-A Norm Invitational 2022"]
[Site "Charlotte"]
[Date "2022.11.19"]
[Round "4"]
[White "Mulyar, Michael"]
[Black "Stremavicius, Titas"]
[Result "1/2-1/2"]
[ECO "D37"]
[WhiteElo "2355"]
[BlackElo "2527"]
[Annotator "TA"]
[PlyCount "66"]
[EventDate "2022.11.18"]
[EventType "tourn"]
[EventCountry "USA"]
[SourceTitle "playchess.com"]
[Source "ChessBase"]
[SourceQuality "1"]
[TimeControl "5400+30"]

1. d4 Nf6 2. Nf3 d5 3. c4 e6 4. Nc3 Nbd7 5. Bg5 h6 6. Bh4 Be7 7. e3 O-O 8. cxd5 exd5 9. Bd3 c6 10. Qc2 Re8 11. O-O Ne4 12. Bxe4 Bxh4 13. Bh7+ Kh8 14. Nxh4 {[%emt 0:00:08] D36: Queen's Gambit Declined: Exchange Variation: Main line (5 Bg5 c6 6 Qc2).} Qxh4 15. Bd3 Qe7 16. Rae1 {[%emt 0:04:08] White is slightly better.} Nf6 {[%emt 0:00:29] [#]} 17. Na4 $146 ({Predecessor:} 17. f3 Be6 18. a3 b6 19. Qf2 c5 20. g4 a6 21. h3 Kg8 22. Kh1 Ra7 23. Rg1 {½-½ (57) Girya,O (2395)-Galliamova,A (2421) Cheboksary 2022}) 17... Qd6 {[%emt 0:02:22] The position is equal.} 18. f3 Be6 19. a3 Nd7 20. Rc1 Re7 21. Qf2 f6 22. Rfe1 Bg8 23. Qg3 Qxg3 24. hxg3 Nb6 25. b3 Nc8 26. Kf2 Nd6 27. g4 Bh7 28. Nc5 Bxd3 29. Nxd3 Kg8 30. a4 Rae8 31. Re2 g5 32. Rcc2 Kg7 33. Rc1 Kg6 {Weighted Error Value: White=0.02 (flawless) /Black=0.01 (flawless)} 1/2-1/2